 Dungeon Crawl Stone Soup version 0.24.0-13-gcf9b319 (webtiles) character file.

Game seed: 13197986613820161407, levelgen mode: deterministic

61 Bronimir the Poker (level 3, 0/30 HPs)
             Began as a Centaur Warper on Mar 27, 2020.
             Slain by a kobold
             ... wielding a +0 war axe
              (7 damage)
             ... on level 2 of the Dungeon.
             The game lasted 00:02:16 (1411 turns).

Bronimir the Poker (Centaur Warper)                 Turns: 1411, Time: 00:02:17

Health: 0/30       AC:  5    Str: 14    XL:     3   Next: 83%
Magic:  6/6        EV:  8    Int: 12    God:
Gold:   111        SH:  0    Dex:  8    Spells: 2/6 levels left

rFire    . . .     SeeInvis .   a - +0 spear
rCold    . . .     Gourm    .   (no shield)
rNeg     . . .     Faith    +   c - +0 ring mail
rPois    .         Spirit   .   (no helmet)
rElec    .         Reflect  .   (no cloak)
rCorr    .         Harm     .   (no gloves)
MR       .....                  (no barding)
Stlth    ..........             j - amulet of faith (curse)
HPRegen  0.10/turn              (no ring)
MPRegen  0.10/turn              (no ring)

@: lethally poisoned (0 -> -1), very quick
A: large, hooves 3, deformed body, speed 2, tough skin 3
a: no special abilities


You were on level 2 of the Dungeon.
You were not hungry.

You visited 1 branch of the dungeon, and saw 2 of its levels.

You collected 111 gold pieces.

Inventory:

Hand Weapons
 a - a +0 spear (weapon)
Missiles
 e - 5 boomerangs of dispersal (quivered)
 g - 67 stones
 s - 21 arrows
Armour
 b - a +0 leather armour
 c - a +0 ring mail (worn)
Jewellery
 j - a cursed amulet of faith (around neck)
Scrolls
 d - a scroll of blinking
 h - a scroll of enchant weapon {unknown}
 i - 2 scrolls of identify {unknown}
 l - a scroll of fog {unknown}
 n - a scroll of teleportation {unknown}
 p - 2 scrolls of remove curse {unknown}
Potions
 k - a potion of heal wounds {unknown}
 m - 5 potions of curing {unknown}
 o - a potion of ambrosia {unknown}
 q - a potion of lignification {unknown}
Comestibles
 f - 2 rations
 r - 2 chunks of flesh


   Skills:
 + Level 2.4 Fighting
 * Level 2.9 Polearms
 + Level 1.1 Throwing
 * Level 1.0 Armour
 + Level 1.5 Dodging
 * Level 2.0 Spellcasting
 + Level 2.6 Translocations


You had 2 spell levels left.
You knew the following spells:

 Your Spells              Type           Power        Failure   Level  Hunger
a - Blink                 Tloc           N/A          28%         2    ###....
b - Shroud of Golubria    Chrm/Tloc      #.....       43%         2    ###....

Your spell library contained the following spells:

 Spells                   Type           Power        Failure   Level  Hunger
 Gell's Gravitas          Tloc           #.........   50%         3    ####...
 Lesser Beckoning         Tloc           #.........   50%         3    ####...
 Teleport Other           Tloc           #.......     50%         3    ####...
 Passage of Golubria      Tloc           N/A          88%         4    #####..


Dungeon Overview and Level Annotations

Branches:
Dungeon (2/15)

Altars:


Innate Abilities, Weirdness & Mutations

You have hooves in place of feet.
Armour fits poorly on your strangely shaped body.
You cover ground very quickly.
You have extremely tough skin. (AC +3)


Message History

You are too injured to fight recklessly!
You barely miss the kobold.
The kobold is severely wounded.
The kobold hits you with a +0 war axe.
You hit the kobold but do no damage.
The kobold is severely wounded.
The kobold hits you but does no damage.
You closely miss the kobold.
The kobold is severely wounded.
You feel sick. The kobold closely misses you.
You closely miss the kobold.
The kobold is severely wounded.
You hit the kobold but do no damage. Your kick misses the kobold.
The kobold is severely wounded.
The kobold hits you with a +0 war axe.
* * * LOW HITPOINT WARNING * * *
You barely miss the kobold. Your kick misses the kobold.
The kobold is severely wounded.
The kobold hits you with a +0 war axe!
You die...

#.#.#.# #.#... #..
#.... #.# ...# #.#
#..###### ##.##
........# ####...##
#..####)#
#.......##... #..# #.#
#.##..K......
#..####.####.###@#####
#....................#
#
...#>##.####.###.###.#
# #...##...###.# #.# #
###....... .#. ... .#
# #.##...### ##.###
... # #.###.####.# .
... # ###.###.........
#.# # ..#.....)..♣ #.#
##


You could see a kobold.

Vanquished Creatures
  2 adders (D:2)
  An ooze (D:2)
  A leopard gecko (D:1)
  2 ball pythons (D:1)
  2 giant cockroaches
  9 hobgoblins
  5 kobolds
  3 bats
  A frilled lizard (D:1)
  4 goblins
  6 rats
36 creatures vanquished.

Notes
Turn   | Place    | Note
-------+----------+-------------------------------------------
     0 | D:1      | Bronimir the Centaur Warper began the quest for the Orb.
     0 | D:1      | Reached XP level 1. HP: 17/17 MP: 3/3
   388 | D:1      | Reached XP level 2. HP: 24/24 MP: 4/4
   462 | D:1      | Reached skill level 1 in Armour
  1021 | D:2      | Reached XP level 3. HP: 30/30 MP: 5/5
  1052 | D:2      | Learned a level 2 spell: Blink
  1055 | D:2      | Learned a level 2 spell: Shroud of Golubria
  1314 | D:2      | Found a faded altar of an unknown god.
  1411 | D:2      | Slain by a kobold

Levels and vault maps discovered:
D:1:      dpeg_arrival_long_road, layout_rooms
D:2:      layout_loops_ring, chequers_ecumenical_altar_simple,
          kennysheep_minor_cross, hangedman_abyss_or_decor_stabs

Skill      XL: |  1  2  3 |
---------------+----------+-----
Polearms       | 2 |  2.9
Armour         | 1 |  1.0
Spellcasting   | 2 |  2.0
Fighting       | |  2.4
Throwing       | |  1.1
Dodging        | |  1.5
Translocations | |  2.6

Action                   || total
-------------------------++-------
Melee: Spear             ||   146
       Kick              ||    14
 Cast: Shroud of Golubri ||     2
  Eat: Chunk             ||     1
Armor: Ring mail         ||    47
       Leather armour    ||     3
Dodge: Dodged            ||    64
